 Dungeon Crawl Stone Soup version 0.31-a0-1165-g196b491b36 (webtiles) character file.

Game seed: 13958097208391146466

889 whatisthis the Ruffian (level 8, -2/73 HPs)
             Began as a Ghoul Monk on Dec 10, 2023.
             Slain by a hornet zombie (12 damage)
             ... in an ossuary.
             The game lasted 00:10:31 (4917 turns).

whatisthis the Ruffian (Ghoul Monk)                 Turns: 4917, Time: 00:10:32

Health: -2/73      AC:  4    Str: 23    XL:     8   Next: 6%
Magic:  7/7        EV: 12    Int:  9    God:
Gold:   224        SH:  0    Dex: 11    Spells: 7/7 levels left

rFire   . .          .
                       - Unarmed
rCold   + . .        c - orb {light}
rNeg    + + +        g - +0 leather armour
rPois   ∞            v - +0 helmet
rElec   .            (no cloak)
rCorr   .            (no gloves)
SInv    .            (no boots)
Will    .....        (no amulet)
Stlth   +            u - +6 ring of strength
HPRegen 0.00/turn    (no ring)
MPRegen 0.10/turn

%: no passive effects
@: inhibited regen, glowing
A: claws 1, cold resistance 1, negative energy resistance 3, inhibited
regeneration, torment resistance 2, devour on kill
a: no special abilities


You were in an ossuary.
You visited 1 branch of the dungeon, and saw 6 of its levels.
You also visited: Ossuary.

You collected 224 gold pieces.

Inventory:

Hand Weapons
 k - a +1 dagger of venom
Missiles
 n - 40 stones
 z - 4 poisoned darts
Armour
 c - an orb of light (worn)
 e - a +0 scale mail
 g - a +0 leather armour (worn)
 v - a +0 helmet (worn)
Jewellery
 u - a +6 ring of strength (left claw)
Wands
 r - a wand of roots (11)
Scrolls
 a - a scroll of silence {unknown}
 l - 2 scrolls of blinking
 o - 2 scrolls of teleportation
 p - 2 scrolls of noise
 A - a scroll of amnesia {unknown}
Potions
 b - a potion of ambrosia
 d - a potion of enlightenment {unknown}
 f - 3 potions of curing
 h - 2 potions of cancellation
 i - 2 potions of heal wounds
 j - 2 potions of lignification {unknown}
 m - 2 potions of attraction
 q - 2 potions of resistance
 s - a potion of brilliance {unknown}
 t - a potion of berserk rage {unknown}
 w - 2 potions of mutation {unknown}
 x - a potion of invisibility {unknown}


   Skills:
 + Level 7.6 Fighting
 - Level 2.6 Dodging
 + Level 7.6 Unarmed Combat


You had 7 spell levels left.
You didn't know any spells.
Your spell library contained the following spells:

 Spells                   Type           Power      Damage    Failure   Level
 Apportation              Tloc           0%         N/A       43%         1
 Foxfire                  Conj/Fire      0%         2x1d4     43%         1
 Magic Dart               Conj           0%         1d3       43%         1
 Jinxbite                 Hex            0%         N/A       56%         2
 Searing Ray              Conj           0%         2d4       56%         2
 Fulminant Prism          Conj/Hex       0%         3d5       99%         4
 Alistair's Intoxication  Tmut/Pois      0%         N/A       100%        5
 Plasma Beam              Fire/Air       0%         2x1d10    100%        6
 Starburst                Conj/Fire      0%         6d3       100%        6


Dungeon Overview and Level Annotations

Branches:
Dungeon (6/15)            Ossuary (1/1)
 Temple: D:4-7

Altars:

Shops:
D:6 (


Innate Abilities, Weirdness & Mutations

You are immune to poison.
You have sharp fingernails.
Your flesh is cold resistant. (rC+)
You are immune to negative energy. (rN+++)
You do not regenerate when monsters are visible.
You are immune to unholy pain and torment.
You thrive by killing the living.


Message History

The bullfrog zombie hits you.
A hornet zombie comes into view.
The bullfrog zombie hits you. The bullfrog zombie barely misses you.
You claw the bullfrog zombie!
You destroy the bullfrog zombie!
You have reached level 8!
You scratch the hornet zombie.
The hornet zombie is lightly damaged.
The hornet zombie closely misses you.
You scratch the hornet zombie.
The hornet zombie is lightly damaged.
The hornet zombie closely misses you.
You claw the hornet zombie!
The hornet zombie is moderately damaged.
The hornet zombie closely misses you.
You claw the hornet zombie!
The hornet zombie is heavily damaged.
The hornet zombie barely misses you.
You scratch the hornet zombie but do no damage.
The hornet zombie is heavily damaged.
The hornet zombie hits you!
You claw the bog mummy!
The bog mummy is heavily damaged.
You claw the bog mummy!
You destroy the bog mummy!
You scratch the hornet zombie.
The hornet zombie is heavily damaged.
The hornet zombie hits you.
You barely miss the hornet zombie.
The hornet zombie is heavily damaged.
The hornet zombie hits you.
* * * LOW HITPOINT WARNING * * *
You scratch the hornet zombie.
The hornet zombie is heavily damaged.
The hornet zombie hits you!
* * * LOW HITPOINT WARNING * * *
You mangle the hornet zombie!!
The hornet zombie is almost destroyed.
The hornet zombie hits you!
You die...

##### #..∩#
#.∩.# #..@#
##Z##
#....~....~~.~
##~.#~#+#.≈.#+
#≈# #. #.~P ≈≈
~# ~~ ≈≈ ##


You could see a hornet zombie.

Vanquished Creatures
  A water moccasin (D:6)
  An ogre (D:6)
  A wyvern zombie (Ossuary)
  A water moccasin zombie (Ossuary)
  A jelly (D:5)
  2 hounds
  A bullfrog zombie (Ossuary)
  A gnoll bouda (D:4)
  2 iguanas
  3 mummies (Ossuary)
  Natasha (thrice) (D:3)
  6 gnolls
  4 adders
  A shadow imp (D:6)
  A white imp (D:6)
  2 ufetubi (D:5)
  2 worms
  6 dart slugs
  12 orcs
  3 bats
  8 endoplasms
  6 giant cockroaches
  5 hobgoblins
  10 kobolds
  3 quokkas
  8 ball pythons
  2 frilled lizards
  6 goblins
  7 rats
109 creatures vanquished.

Notes
Turn   | Place    | Note
-------+----------+-------------------------------------------
     0 | D:1      | whatisthis the Ghoul Monk began the quest for the Orb.
     0 | D:1      | Reached XP level 1. HP: 19/19 MP: 0/0
    60 | D:1      | Found a faded altar of an unknown god.
   134 | D:1      | Reached XP level 2. HP: 26/26 MP: 1/1
   607 | D:1      | Reached XP level 3. HP: 33/33 MP: 2/2
  1529 | D:2      | Reached XP level 4. HP: 41/41 MP: 3/3
  2041 | D:3      | Noticed Natasha
  2059 | D:3      | Killed Natasha
  2060 | D:3      | Reached skill level 5 in Unarmed Combat
  2060 | D:3      | Reached XP level 5. HP: 23/47 MP: 4/4
  2200 | D:3      | Reached skill level 5 in Fighting
  2369 | D:3      | Noticed Natasha
  2386 | D:3      | Killed Natasha
  2606 | D:3      | Noticed Natasha
  2613 | D:3      | Killed Natasha
  2680 | D:4      | Reached XP level 6. HP: 55/56 MP: 5/5
  3641 | D:5      | Entered Level 5 of the Dungeon
  4264 | D:5      | Reached XP level 7. HP: 64/64 MP: 6/6
  4704 | D:6      | Found Miust's Antique Weapon Emporium.
  4797 | D:6      | Found a sand-covered staircase.
  4810 | Ossuary  | Entered an ossuary
  4907 | Ossuary  | Reached XP level 8. HP: 42/73 MP: 7/7
  4917 | Ossuary  | Slain by a hornet zombie

Illustrated notes

Levels and vault maps discovered:
D:1:      shiori_arrival_maze, layout_basic, shapermc_ecumenical_altar_venn,
          columned_hall_lemuel, corexii_item_surrounded_by_moat
D:2:      layout_loops_ring, grunt_ministairs_13
D:3:      layout_loops_cross, grunt_ministairs_7, uniq_natasha
D:4:      layout_loops_corners
D:5:      layout_basic
D:6:      corexii_shack_village, layout_cave_pods, enter_ossuary_1,
          serial_shops, nicolae_shop_rolled_up, shop, kennysheep_mini,
          serial_park, serial_park_square1 [serial_park_minivault_5x5_3],
          serial_park_square3 [serial_park_minivault_5x5_6], serial_park_tiny_1,
          serial_park_square1 [serial_park_minivault_5x5_7], minmay_puff
Ossuary:  ossuary_zaba_flooded

Skill      XL: |  1  2  3  4  5  6  7 |
---------------+----------------------+-----
Unarmed Combat | 4 5 6 7 |  7.6
Fighting       | 4 5 6 7 |  7.6
Dodging        | |  2.6

Action                     |  1- 3 |  4- 6 |  7- 9 || total
---------------------------+-------+-------+-------++-------
  Melee: Unarmed           |    88 |   166 |    55 ||   309
    Use: Scroll            |       |     6 |     2 ||     8
 Armour: Robe              |     9 |       |       ||     9
         Leather armour    |    27 |    74 |    22 ||   123
  Dodge: Dodged            |    47 |    76 |    23 ||   146

Table legend: (Time is in decaauts)
 A = Elapsed time spent in this place.
 B = Non-inter-level travel time spent in this place.
 C = Inter-level travel time spent in this place.
 D = Time resting spent in this place.
 E = Time spent auto-exploring this place.
 F = Levels seen in this place.
 G = Mean time per level.
                   A        B        C        D        E       F      G
               +--------+--------+--------+--------+--------+-----+--------+
         Total |   4898 |   4565 |    333 |    476 |   3079 |   7 |  699.7 |
       Dungeon |   4795 |   4462 |    333 |    419 |   3079 |   6 |  799.2 |
       Ossuary |    103 |    103 |      0 |     57 |      0 |   1 |  103.0 |
               +--------+--------+--------+--------+--------+-----+--------+

Top non-repeatable levels by time:
     D:5: 1038 daAuts
     D:3: 1038 daAuts
     D:4: 1026 daAuts
     D:1: 892 daAuts
     D:2: 674 daAuts
     D:6: 124 daAuts
 Ossuary: 103 daAuts
